 Dungeon Crawl Stone Soup version 0.32-a0-20-ge526923d97 (webtiles) character file.

Game seed: 2595493836941412624

19490 bmb222 the Grappler (level 12, -7/82 HPs)
             Began as an Octopode Shapeshifter on Jan 17, 2024.
             Was an Initiate of Gozag.
             Mangled by Erolcha
             ... wielding a +0 giant spiked club
              (28 damage)
             ... on level 11 of the Dungeon.
             The game lasted 00:27:53 (17582 turns).

bmb222 the Grappler (Octopode Shapeshifter)        Turns: 17582, Time: 00:27:54

Health: -7/82      AC:  5    Str: 19    XL:     12   Next: 69%
Magic:  12/12      EV: 21    Int: 18    God:    Gozag
Gold:   783        SH:  5    Dex: 13    Spells: 11/11 levels left

rFire   + .          .
                       - Unarmed
rCold   . . .        (shield currently unavailable)
rNeg    . . .        (helmet restricted)
rPois   +            u - amulet of reflection
rElec   +            p - ring of resist corrosion
rCorr   +            E - +4 ring of protection
SInv    .            I - ring "Rapsorph" {rElec rPois rF+ Str+3 Int+5}
Will    +....        J - ring of willpower
Stlth   ++           (no ring)
HPRegen 0.33/turn    (no ring)
MPRegen 0.13/turn    (no ring)
                     (no ring)

%: reflection
@: about to teleport, flux-form, gold aura, glowing
A: glow, contaminating, almost no armour, amphibious, 8 rings, camouflage 1,
gelatinous body 1, (nimble swimmer 1), tentacles, fangs 1
a: Begin Untransformation, Renounce Religion, Potion Petition, Call Merchant,
Bribe Branch


You were on level 11 of the Dungeon.
You worshipped Gozag.
Gozag was pleased with you.
You were something dangerously unstable.
You visited 1 branch of the dungeon, and saw 11 of its levels.

You collected 2008 gold pieces.
You spent 1152 gold pieces at shops.
You paid 73 gold pieces to Gozag.

Inventory:

Hand Weapons
 D - the +4 short sword "Xiegihol" {flame, rElec Str+2}
   (You found it on level 8 of the Dungeon)

   Str+2:     It affects your strength (+2).
   rElec:     It insulates you from electricity.
Missiles
 k - 5 curare-tipped darts
 q - 21 poisoned darts
 v - 6 atropa-tipped darts
 w - 4 boomerangs
Armour
 F - a +2 buckler
Jewellery
 p - a ring of resist corrosion (left tentacle)
 s - a ring of wizardry
 u - an amulet of reflection (around mantle)
 x - an amulet of magic regeneration
 E - a +4 ring of protection (right tentacle)
 I - the ring "Rapsorph" (on tentacle) {rElec rPois rF+ Str+3 Int+5}
   (You bought it in a shop on level 2 of the Dungeon)

   [ring of protection from fire]

   Str+3:     It affects your strength (+3).
   Int+5:     It affects your intelligence (+5).
   rF+:       It protects you from fire.
   rElec:     It insulates you from electricity.
   rPois:     It protects you from poison
 J - a ring of willpower (on tentacle)
Talismans
 b - a beast talisman
 c - a flux talisman (active)
Wands
 A - a wand of mindburst (2)
 B - a wand of paralysis (5)
 H - a wand of iceblast (5)
Scrolls
 h - 4 scrolls of amnesia
 j - a scroll of teleportation
 m - 2 scrolls of enchant armour
 n - 2 scrolls of enchant weapon
 o - a scroll of noise
 r - a scroll of silence
 y - a scroll of fear
 C - a scroll of fog
 K - a scroll of immolation
Potions
 a - 2 potions of lignification
 d - a potion of degeneration
 e - a potion of haste
 f - 2 potions of enlightenment
 g - a potion of mutation
 i - 2 potions of berserk rage
 l - 4 potions of magic
 t - a potion of resistance {unknown}
 z - 3 potions of curing


   Skills:
 - Level 8.0 Fighting
 - Level 2.5 Throwing
 - Level 9.4 Dodging
 - Level 5.4 Stealth
 + Level 13.9 Unarmed Combat
 + Level 8.5 Shapeshifting


You had 11 spell levels left.
You didn't know any spells.
Your spell library contained the following spells:

 Spells                   Type           Power      Damage    Failure   Level
 Magic Dart               Conj           0%         1d3       22%         1
 Necrotise                Necr           0%         1d4       22%         1
 Blink                    Tloc           0%         N/A       32%         2
 Call Imp                 Summ           0%         N/A       32%         2
 Jinxbite                 Hex            0%         N/A       32%         2
 Lesser Beckoning         Tloc           0%         N/A       32%         2
 Momentum Strike          Conj/Tloc      0%         3d8       32%         2
 Fugue of the Fallen      Necr           0%         N/A       54%         3
 Ozocubu's Armour         Ice            0%         N/A       54%         3
 Anguish                  Hex/Necr       0%         N/A       91%         4
 Manifold Assault         Tloc           0%         N/A       91%         4
 Metabolic Englaciation   Hex/Ice        0%         N/A       99%         5
 Yara's Violent Unravell  Hex/Alch       0%         3d3       99%         5
 Enfeeble                 Hex            0%         N/A       100%        7


Dungeon Overview and Level Annotations

Branches:
Dungeon (11/15)            Temple (0/1) D:5            Lair (0/5) D:11
    Orc (0/2) D:10

Altars:
Ashenzari
Elyvilon
Gozag
Kikubaaqudgha
Okawaru
Qazlal
Uskayaw
Xom
Yredelemnul
The Shining One

Shops:
D:1 :   D:2 =   D:3 (![   D:7 :=(   D:11 :

Portals:
Trove: D:10 (give great mace "Firestarter")

Annotations:
D:7 1 runed translucent door
D:8 2 transporters
D:11 Erolcha


Innate Abilities, Weirdness & Mutations

You are something dangerously unstable.
You glow with magical radiation, making you easy to see and hit.
Foes you strike become dangerously contaminated with magical radiation.
You are incapable of wielding weapons or throwing items.
You cannot wear most types of armour.
You are amphibious.
You can wear up to eight rings at the same time.
Your skin changes colour to match your surroundings (Stealth+).
Your rubbery body absorbs attacks. (AC +1, EV +1)
((You are camouflaged when in or above water. (Stealth+)))
You have tentacles for arms and can constrict up to eight enemies at once.
You have very sharp teeth.


Message History

You bludgeon the troll!
The troll glows dangerously bright.
The troll is heavily wounded.
The troll misses you. The troll claws you!
The troll claws you but does no damage.
You tentacle-slap the troll but do no damage.
The troll shudders as magic cascades through it.
The troll twists and deforms.
Your squeeze misses the troll.
The troll is severely wounded.
You block the troll's attack. The troll completely misses you.
The troll barely misses you.
You feel better. The troll completely misses you. The troll misses you.
The troll claws you!
You tentacle-slap the troll.
The troll begins to glow.
You squeeze the troll.
The troll is almost dead.
The troll closely misses you. The troll claws you.
You block the troll's attack.
You bludgeon the troll!
You kill the troll!
You feel better. Something barely misses you.
You see here 16 gold pieces.
You miss something. You squeeze something. Something hits you!!!
* * * LOW HITPOINT WARNING * * *
Unknown command.
Okay, then.
As you read the scroll of teleportation, it crumbles to dust.
You feel strangely unstable.
You bludgeon something!
Erolcha begins to glow.
You bite Erolcha, but do no damage. You squeeze Erolcha, but do no damage.
Erolcha is moderately wounded.
Erolcha tries to grin evilly.
Erolcha misses you.
You tentacle-slap Erolcha.
Erolcha glows dangerously bright.
You squeeze Erolcha.
Erolcha is moderately wounded.
You tentacle-slap Erolcha.
Erolcha shudders as magic cascades through her!
Erolcha twists and deforms.
Something hits you!!
You die...
Your body crumbles into a pile of gold.

#..# #..# #..# #.# #... #..# #..#
#..# #.# #... #..# #..# #..# #.#
#... #..# #..# #..# #.# #... #..#
#..# #..#####.# #... #..# #..#
#...[....# #... #..# #..#
#..####..####.$. #..#####..###..#
#.....$... #.........{p...#
#...#.$... #..#..#######..##
#.$...####
#....##.#.#.##..###$$..##...
#...##..#.#..##.......##.B.#
#..##...#.#...#########..##.
#..#)...#.#$...#.....#..##..
######$.#####$$$#####..#..#○..#.B
.$O...$.$$..$$⌠.....$..°°○○..##.)
######..#####$..#####..#..#...#..


There were no monsters in sight!

Vanquished Creatures
  Harold (D:11)
  2 boulder beetles (D:11)
  3 two-headed ogres
  Amaemon (D:8)
  An orc knight (D:10)
  Pikel (D:9)
  An ugly thing (D:11)
  2 manticores (D:11)
  A cyclops (D:11)
  2 gargoyles (D:11)
  An orange demon (D:9)
  An unseen horror (D:10)
  A komodo dragon (D:11)
  2 kobold demonologists (D:11)
  An efreet (D:9)
  3 trolls
  2 hornets
  4 shadows
  4 wraiths
  2 wyverns (D:9)
  A vampire (D:10)
  5 yaks
  4 steam dragons
  4 vampire mosquitoes
  3 acid dragons
  3 ice beasts (D:6)
  6 orc warriors
  A black bear (D:6)
  16 centaurs
  3 ogres
  2 phantoms
  A lemure (D:9)
  4 kobold brigands
  6 bullfrogs
  2 gnoll sergeants
  4 scorpions
  2 wights (D:9)
  18 killer bees
  6 howler monkeys
  An electric eel (D:11)
  6 hounds
  4 jellies
  A bombardier beetle (D:4)
  9 orc priests
  A gnoll bouda (D:7)
  2 iguanas
  15 orc wizards
  Robin (D:2)
  8 adders
  20 gnolls
  A shadow imp (D:5)
  A white imp (D:5)
  2 ufetubi (D:5)
  4 dart slugs
  3 ribbon worms
  47 orcs
  2 bats
  4 endoplasms
  2 giant cockroaches (D:1)
  19 goblins
  11 hobgoblins
  9 jackals
  16 kobolds
  4 quokkas
  6 ball pythons
  5 frilled lizards
  5 rats
336 creatures vanquished.

Vanquished Creatures (others)
  A butterfly (D:10)
1 creature vanquished.

Grand Total: 337 creatures vanquished

Notes
Turn   | Place    | Note
-------+----------+-------------------------------------------
     0 | D:1      | bmb222 the Octopode Shapeshifter began the quest for the
                  | Orb.
     0 | D:1      | Reached XP level 1. HP: 13/13 MP: 1/1
    84 | D:1      | Reached XP level 2. HP: 18/18 MP: 2/2
   143 | D:1      | Found Guocuuxa's Book Shoppe.
   421 | D:1      | Reached XP level 3. HP: 19/23 MP: 3/3
  1132 | D:2      | Reached skill level 1 in Stealth
  1225 | D:2      | Found Zoebuor's Jewellery Emporium.
  1260 | D:2      | Found a stormy altar of Qazlal.
  1317 | D:2      | Reached XP level 4. HP: 22/28 MP: 4/4
  1379 | D:2      | Noticed Robin
  1751 | D:2      | Killed Robin
  1760 | D:2      | Reached skill level 1 in Throwing
  2040 | D:3      | Reached XP level 5. HP: 23/33 MP: 5/5
  2106 | D:3      | Found Yhyonal's Antique Weapon Shop.
  2176 | D:3      | Reached skill level 4 in Unarmed Combat
  2495 | D:3      | Noticed a phantom
  2554 | D:3      | Killed a phantom
  2555 | D:3      | Reached XP level 6. HP: 21/38 MP: 6/6
  2699 | D:3      | Found a hide-covered altar of Uskayaw.
  2733 | D:3      | Found Gowehoeng's Distillery.
  2935 | D:3      | Found Uddoel's Armour Boutique.
  3860 | D:4      | Reached XP level 7. HP: 25/43 MP: 7/7
  4644 | D:4      | Reached skill level 5 in Stealth
  4644 | D:4      | Reached skill level 5 in Unarmed Combat
  4697 | D:4      | Found an opulent altar of Gozag.
  4852 | D:4      | Became a worshipper of Gozag Ym Sagoz the Greedy
  4876 | D:5      | Entered Level 5 of the Dungeon
  5709 | D:5      | Found a staircase to the Ecumenical Temple.
  5888 | D:5      | Reached skill level 5 in Shapeshifting
  6069 | D:5      | Reached XP level 8. HP: 51/51 MP: 8/8
  6407 | D:5      | Reached skill level 6 in Unarmed Combat
  6549 | D:5      | Found a broken altar of Ashenzari.
  7469 | D:6      | Found a shimmering altar of Xom.
  7636 | D:6      | Reached XP level 9. HP: 59/59 MP: 9/9
  7644 | D:6      | Reached skill level 7 in Unarmed Combat
  7858 | D:6      | Reached skill level 5 in Fighting
  8268 | D:2      | Bought a +4 ring of protection for 432 gold pieces
  8894 | D:7      | Found an iron altar of Okawaru.
  8896 | D:7      | Found a runed translucent door.
  8900 | D:7      | Found the +0 toga "Victory" {*Victory Clar}
  8980 | D:7      | Found Googhite's Jewellery Emporium.
  8983 | D:7      | Identified the +6 hand axe of Wealth {venom, rF+}
  9029 | D:7      | Reached skill level 8 in Unarmed Combat
  9217 | D:7      | Got the Precepts of Enchanting Skeletons
  9419 | D:7      | Found Huhiatic's Book Boutique.
  9648 | D:7      | Found Foilycsu's Antique Weapon Shoppe.
 10005 | D:8      | Reached XP level 10. HP: 57/71 MP: 10/10
 10194 | D:8      | Found a basalt altar of Yredelemnul.
 10194 | D:8      | Noticed a death knight
 10328 | D:8      | Noticed a skeletal warrior
 10330 | D:8      | Found a transporter.
 10333 | D:8      | Noticed a death knight
 10335 | D:8      | Found a transporter.
 10348 | D:8      | Found an ancient bone altar of Kikubaaqudgha.
 10448 | D:8      | You fall into a shaft and drop 1 floor!
 10451 | D:9      | Identified a scroll of acquirement
 10452 | D:9      | Acquired an amulet of reflection
 10521 | D:9      | Reached skill level 9 in Unarmed Combat
 11272 | D:8      | Identified the +4 short sword "Xiegihol" {flame, rElec
                  | Str+2}
 11375 | D:9      | Noticed Amaemon
 11376 | D:9      | Noticed an orange demon
 11394 | D:8      | Killed Amaemon
 11621 | D:9      | Found a glowing golden altar of the Shining One.
 11634 | D:9      | Identified the +1 pair of boots of the Barracuda {rC- rN++
                  | Str+4}
 11793 | D:9      | Reached skill level 10 in Unarmed Combat
 11886 | D:9      | Noticed Pikel
 11896 | D:9      | Paralysed by Pikel for 3 turns
 11900 | D:9      | Killed Pikel
 11965 | D:9      | Noticed a two-headed ogre
 11976 | D:9      | Killed a two-headed ogre
 11977 | D:9      | Reached skill level 5 in Dodging
 11992 | D:9      | Reached XP level 11. HP: 52/77 MP: 11/11
 12293 | D:2      | Bought the ring "Rapsorph" {rElec rPois rF+ Str+3 Int+5}
                  | for 720 gold pieces
 12474 | D:10     | Entered Level 10 of the Dungeon
 12625 | D:10     | Reached skill level 11 in Unarmed Combat
 12698 | D:10     | Found a portal to a secret trove of treasure.
 12978 | D:10     | Noticed a two-headed ogre
 12992 | D:10     | Killed a two-headed ogre
 13274 | D:10     | Found a staircase to the Orcish Mines.
 13488 | D:10     | Found a white marble altar of Elyvilon.
 13903 | D:9      | Reached skill level 12 in Unarmed Combat
 14456 | D:10     | Gained mutation: You have very sharp teeth. [potion of
                  | mutation]
 14523 | D:10     | Identified the +4 short sword of the Final Decision {flame,
                  | +Blink Will+ Dex-3}
 14565 | D:11     | Found Vuodug's Book Emporium.
 15004 | D:11     | Noticed a green ugly thing
 15030 | D:11     | Noticed a manticore
 15048 | D:11     | Killed a manticore
 15183 | D:11     | Noticed a two-headed ogre
 15194 | D:11     | Noticed a cyclops
 15195 | D:11     | Killed a two-headed ogre
 15196 | D:11     | Reached XP level 12. HP: 82/82 MP: 12/12
 15419 | D:11     | Reached skill level 13 in Unarmed Combat
 15607 | D:11     | Found a staircase to the Lair.
 15738 | D:11     | Noticed a boulder beetle
 15748 | D:11     | HP: 4/82 [boulder beetle (9)]
 15752 | D:11     | Killed a boulder beetle
 16502 | D:11     | Noticed a boulder beetle
 16512 | D:11     | Noticed Harold
 17019 | D:11     | Killed a boulder beetle
 17111 | D:11     | Killed Harold
 17119 | D:11     | Identified the +0 war axe of Summertime {antimagic, *Rage
                  | rCorr Int+4}
 17278 | D:11     | Noticed Erolcha
 17582 | D:11     | Mangled by Erolcha

Illustrated notes

Levels and vault maps discovered:
D:1:      hellmonk_arrival_library, layout_basic, serial_shops,
          nicolae_book_shop_shelving
D:2:      layout_loops_cross, serial_shops, shop, basic_altar,
          supply_closet_lemuel, uniq_robin
D:3:      layout_basic, mainiacjoe_overflow_paths, serial_shops,
          nicolae_shop_hallway_stairs, nicolae_shop_peninsula, shop
D:4:      layout_cave_pools, lemuel_doored_altar, corexii_corridor_pit,
          minmay_misc_feat_diagonals
D:5:      layout_loops_ring, nicolae_ashenzari_skybound,
          minmay_temple_entry_mist, guppyfry_early_orc_mine
D:6:      layout_loops_cross, mainiacjoe_overflow_brackets,
          nicolae_elevator_lobby_plus
D:7:      layout_rooms, nicolae_overflow_guarded_unrand_okawaru_victory,
          serial_shops, shop, shop, shop
D:8:      nicolae_cairo_tiling, layout_loops_ring, gammafunk_temple_of_torment,
          eino_jars
D:9:      layout_loops_cross, nicolae_tso_swordbearing_angel,
          minmay_chambers_of_fives, uniq_pikel, uniq_amaemon
D:10:     layout_irregular_city, nicolae_elyvilon_peaceful_grove, orc_0_dummy,
          nicolae_trove_entry_isolated
D:11:     minmay_the_grid_octo_tiled_octocenter [minmay_the_grid_octo_clover,
          minmay_the_grid_octo_chip, minmay_the_grid_octo_odd_swirl,
          minmay_the_grid_octo_checkerflower, minmay_the_grid_octo_prize_star,
          minmay_the_grid_square_5x5_two_walls_b,
          minmay_the_grid_square_5x5_lines, minmay_the_grid_square_5x5_one_wall,
          minmay_the_grid_square_5x5_inner_z], layout_long_grid,
          lair_entry_dummy, serial_shops, shop, hive_lemuel, uniq_erolcha,
          uniq_harold

Skill      XL: |  1  2  3  4  5  6  7  8  9 10 11 12 |
---------------+-------------------------------------+-----
Stealth        | 1 2 3 4 5 |  5.4
Throwing       | 1 2 |  2.5
Unarmed Combat | 4 5 6 8 10 12 13 | 13.9
Shapeshifting  | 4 5 6 7 8 |  8.5
Fighting       | 2 4 7 8 |  8.0
Dodging        | 5 9 |  9.4

Action                     |  1- 3 |  4- 6 |  7- 9 | 10-12 || total
---------------------------+-------+-------+-------+-------++-------
  Melee: Unarmed           |    74 |   139 |   252 |   479 ||   944
         Constrict         |    18 |    41 |    62 |    77 ||   198
         Tentacles         |    11 |    23 |    64 |   139 ||   237
         Punch             |     5 |     4 |     6 |       ||    15
         Bite              |       |       |       |    33 ||    33
  Throw: Dart              |       |     2 |    13 |       ||    15
  Evoke: Wand              |       |       |    22 |    19 ||    41
    Use: Scroll            |       |       |     9 |    15 ||    24
         Potion            |       |       |     2 |     9 ||    11
   Stab: Sleeping          |     8 |     3 |     9 |     2 ||    22
         Distracted        |       |     1 |     2 |     3 ||     6
         Paralysed         |       |       |       |    12 ||    12
 Armour: Skin              |    26 |    55 |   140 |   210 ||   431
  Dodge: Dodged            |    36 |    63 |   148 |   450 ||   697
  Block: Other             |       |       |       |   102 ||   102
         Reflection        |       |       |       |     5 ||     5
   Form: Flux              |       |       |     1 |       ||     1

Table legend: (Time is in decaauts)
 A = Elapsed time spent in this place.
 B = Non-inter-level travel time spent in this place.
 C = Inter-level travel time spent in this place.
 D = Time resting spent in this place.
 E = Time spent auto-exploring this place.
 F = Levels seen in this place.
 G = Mean time per level.
                   A        B        C        D        E       F      G
               +--------+--------+--------+--------+--------+-----+--------+
         Total |  17416 |  15989 |   1427 |   4550 |   8774 |  11 | 1583.3 |
       Dungeon |  17416 |  15989 |   1427 |   4550 |   8774 |  11 | 1583.3 |
               +--------+--------+--------+--------+--------+-----+--------+

Top non-repeatable levels by time:
    D:11: 2573 daAuts
     D:3: 1932 daAuts
    D:10: 1866 daAuts
     D:4: 1860 daAuts
     D:8: 1805 daAuts
     D:5: 1716 daAuts
     D:6: 1385 daAuts
     D:9: 1261 daAuts
     D:2: 1083 daAuts
     D:1: 1036 daAuts
     D:7: 893 daAuts
